 Dungeon Crawl Stone Soup version 0.25-a0-1002-gbcf8c60d55 (webtiles) character file.

Game seed: 8417252069080740383, levelgen mode: deterministic

29 Chiseanne the Covered (level 3, 28/28 HPs)
             Began as a Demonspawn Wanderer on May 11, 2020.
             Quit the game on level 2 of the Dungeon.
             The game lasted 00:01:10 (967 turns).

Chiseanne the Covered (Demonspawn Wanderer)          Turns: 967, Time: 00:01:11

Health: 28/28      AC:  5    Str: 13    XL:     3   Next: 1%
Magic:  3/3        EV: 10    Int: 13    God:
Gold:   13         SH:  0    Dex: 12    Spells: 2/2 levels left

rFire    . . .     SeeInvis .   a - +2 spear
rCold    . . .     Gourm    .   (no shield)
rNeg     . . .     Faith    .   c - +0 ring mail
rPois    .         Spirit   .   (no helmet)
rElec    .         Reflect  .   (no cloak)
rCorr    .         Harm     .   (no gloves)
MR       .....                  (no boots)
Stlth    +.........             (no amulet)
HPRegen  0.09/turn              (no ring)
MPRegen  0.08/turn              (no ring)

@: no status effects
A: claws 1, talons 1
a: no special abilities


You were on level 2 of the Dungeon.
You were not hungry.

You visited 1 branch of the dungeon, and saw 2 of its levels.

You collected 13 gold pieces.

Inventory:

Hand Weapons
 a - a +2 spear (weapon)
Missiles
 d - 10 stones (quivered)
 e - 7 boomerangs
Armour
 c - a +0 ring mail (worn)
Scrolls
 h - a scroll of fear {unknown}
Potions
 b - 3 potions of curing
 g - a potion of brilliance {unknown}
Comestibles
 f - a ration
 i - 2 chunks of flesh


   Skills:
 * Level 2.5 Fighting
   Level 1.0 Maces & Flails
 - Level 1.0 Polearms
 * Level 3.1 Armour
 * Level 1.2 Dodging
 - Level 1.7 Stealth
   Level 1.0 Evocations


You had 2 spell levels left.
You didn't know any spells.
Your spell library was empty.

Dungeon Overview and Level Annotations

Branches:
Dungeon (2/15)

Altars:


Innate Abilities, Weirdness & Mutations

You have sharp fingernails.
You have sharp toenails.


Message History

i - 2 chunks of flesh (gained 1)
You open the door.
There is an open door here.
You open the door.
A kobold comes into view.
The kobold throws a stone.
The stone hits you but does no damage.
The kobold throws a stone.
The stone hits you but does no damage.
There is an open door here.
You see here a stone.
Attack whom?
Press: ? - help, Dir - move target cursor, f - kobold
Aim: a kobold, quivering 2 stones You reach to attack!
You hit the kobold.
You kill the kobold!
You have reached level 3!
Your experience leads to an increase in your attributes!
Increase (s)trength, (i)ntelligence, or (d)exterity?
You feel agile.
Your demonic ancestry asserts itself...
Your fingernails lengthen.
Are you sure you want to abandon this character and quit the game? (Confirm with "yes".)

##+# ##...##
##.....##
##.......## #
#.........####....
+........>@.(.....
#........(####...#
#.......## #
##.....## ##...##
##'## #.########
#........#
##.######.#


There were no monsters in sight!

Vanquished Creatures
  An ooze (D:1)
  2 dart slugs
  2 leopard geckos (D:1)
  A giant cockroach (D:1)
  3 hobgoblins
  5 kobolds
  2 bats (D:1)
  3 rats (D:1)
19 creatures vanquished.

Notes
Turn   | Place    | Note
-------+----------+-------------------------------------------
     0 | D:1      | Chiseanne the Demonspawn Wanderer began the quest for the
                  | Orb.
     0 | D:1      | Chiseanne set off with the following items: a +2 spear, a
                  | potion of curing, a +0 ring mail, a +0 dagger, a ration
     0 | D:1      | Reached XP level 1. HP: 16/16 MP: 1/1
   139 | D:1      | Gained mutation: You have sharp toenails. [demonic
                  | ancestry]
   139 | D:1      | Reached XP level 2. HP: 12/22 MP: 2/2
   408 | D:1      | Reached skill level 3 in Armour
   546 | D:1      | Reached skill level 1 in Dodging
   966 | D:2      | Gained mutation: You have sharp fingernails. [demonic
                  | ancestry]
   966 | D:2      | Reached XP level 3. HP: 28/28 MP: 3/3
   967 | D:2      | Quit the game

Illustrated notes

Levels and vault maps discovered:
D:1:      wander_arrival_desolate, layout_basic
D:2:      layout_loops_corners, lemuel_round_altar,
          yredelemnul_forgotten_temple_becter, lightli_corner_chamber

Skill      XL: |  1  2 |
---------------+-------+-----
Armour         | 3 |  3.1
Dodging        | 1 |  1.2
Fighting       | |  2.5
Maces & Flails | |  1.0
Polearms       | |  1.0
Stealth        | |  1.7
Evocations     | |  1.0

Action                   || total
-------------------------++-------
Melee: Spear             ||    59
       Kick              ||     7
Armor: Ring mail         ||    17
Dodge: Dodged            ||    20

Table legend:
 A = Non-vault XP
 B = Vault XP
 C = Vault XP percentage of total XP
 D = Non-vault monster count
 E = Vault monster count
 F = Vault count percentage of total count
                 A         B        C        D         E       F
            +---------+---------+-------+---------+---------+-------
      Total |      42 |       0 |   0.0 |      19 |       0 |   0.0
            +---------+---------+-------+---------+---------+-------
        D:1 |      34 |       0 |   0.0 |      16 |       0 |   0.0
        D:2 |       8 |       0 |   0.0 |       3 |       0 |   0.0
            +---------+---------+-------+---------+---------+-------
